 Dungeon Crawl Stone Soup version 0.29-a0-925-g0a7a3d12f8 (webtiles) character file.

Game seed: 16155725361464864481

10131 Alarak the Thaumaturge (level 11, -17/54 HPs)
             Began as a Deep Elf Ice Elementalist on July 29, 2022.
             Was a Priest of Vehumet.
             Demolished by an earth elemental (27 damage)
             ... on level 11 of the Dungeon.
             The game lasted 01:02:44 (15389 turns).

Alarak the Thaumaturge (Deep Elf Ice Elementalist) Turns: 15389, Time: 01:02:45

Health: -17/54     AC: 20    Str:  5    XL:     11   Next: 32%
Magic:  12/29      EV: 17    Int: 25    God:    Vehumet [***...]
Gold:   762        SH:  0    Dex: 15    Spells: 20/34 levels left

rFire   x . .      SeeInvis .   o - staff of cold
rCold   + + .      Faith    .   (no shield)
rNeg    + . .      Spirit   .   r - +2 robe {rN+}
rPois   .          Reflect  .   H - +2 helmet
rElec   .          Harm     .   (no cloak)
rCorr   .          Rampage  .   (no gloves)
Will    ++...                   (no boots)
Stlth   ++........              z - amulet of the acrobat
HPRegen 0.18/turn               J - ring of ice
MPRegen 0.21/turn               F - ring of willpower

@: ice-armoured, about to teleport, freezing walls
A: no striking features
a: Renounce Religion


You were on level 11 of the Dungeon.
You worshipped Vehumet.
Vehumet was most pleased with you.
You visited 2 branches of the dungeon, and saw 12 of its levels.

You collected 762 gold pieces.

Inventory:

Hand Weapons
 i - a +1 dagger of protection
Armour
 a - a +0 robe
 r - a +2 robe of positive energy (worn)
 H - a +2 helmet (worn)
 I - a +0 leather armour of willpower
Magical Staves
 o - a staff of cold (weapon)
Jewellery
 j - a ring of poison resistance
 t - a +6 ring of strength
 w - a ring of positive energy
 z - an amulet of the acrobat (around neck)
 A - a ring of fire
 F - a ring of willpower (right hand)
 J - a ring of ice (left hand)
Wands
 m - a wand of mindburst (16)
 n - a wand of flame (23)
 y - a wand of charming (16)
 E - a wand of roots (19)
 G - a wand of digging (2)
Scrolls
 c - 2 scrolls of enchant weapon
 l - 5 scrolls of enchant armour
 u - 2 scrolls of teleportation
 M - a scroll of magic mapping
Potions
 b - 2 potions of magic
 d - 2 potions of lignification
 e - 5 potions of curing
 f - a potion of brilliance
 g - 2 potions of berserk rage
 k - 2 potions of degeneration
 p - 2 potions of might
 q - 3 potions of attraction
 s - 2 potions of cancellation
 v - a potion of ambrosia
 x - 2 potions of invisibility {unknown}
 B - a potion of resistance {unknown}


   Skills:
 - Level 11.0 Dodging
 - Level 2.4 Stealth
 - Level 12.3 Spellcasting
 - Level 9.0 Conjurations
 + Level 1.3 Fire Magic
 - Level 11.1 Ice Magic


You had 20 spell levels left.
You knew the following spells:

 Your Spells              Type           Power      Damage    Failure   Level
a - Freeze                Ice            100%       1d11      1%          1
b - Frozen Ramparts       Ice            100%       1d12      1%          3
c - Ozocubu's Armour      Ice            100%       N/A       1%          3
d - Hailstorm             Conj/Ice       99%        3d19      1%          4
e - Inner Flame           Hex/Fire       18%        N/A       2%          3

Your spell library contained the following spells:

 Spells                   Type           Power      Damage    Failure   Level
 Ensorcelled Hibernation  Hex/Ice        100%       N/A       1%          2
 Passwall                 Tmut/Erth      12%        N/A       6%          2
 Swiftness                Air            15%        N/A       12%         3


Dungeon Overview and Level Annotations

Branches:
Dungeon (11/15)            Temple (1/1) D:6            Lair (0/5) D:8
    Orc: D:9-12

Altars:
Ashenzari
Cheibriados
Dithmenos
Elyvilon
Fedhas
Gozag
Hepliaklqana
Kikubaaqudgha
Makhleb
Nemelex Xobeh
Okawaru
Qazlal
Ru
Sif Muna
Trog
Uskayaw
Vehumet
Wu Jian
Xom
Yredelemnul
Zin
The Shining One

Shops:
D:11 *


Message History

The hail pelts the earth elemental!!
The earth elemental partially resists.
The earth elemental is almost destroyed.
Casting: Hailstorm (dangerous; 1% risk of failure)
Confirm with . or Enter, or press ? or * to list all spells.
Casting: Hailstorm (dangerous; 1% risk of failure)
Press: ? - help, Dir - look around, f - activate You feel a strong surge of power!
A cannonade of hail descends around you!
The hail pelts the earth elemental!!
The earth elemental partially resists.
You destroy the earth elemental!
Vehumet accepts your kill.
Vehumet is now aiding your destructive spells.
The earth elemental completely resists.
The wall freezes the earth elemental but does no damage.
The earth elemental hits you.
Aiming: Dig
Press: ? - help, Shift-Dir - straight line, f - earth elemental
Aim: an earth elemental (100% to hit)
Digging in that direction won't affect any walls.
An open door.
Okay, then.
Unknown command.
Aiming: Mindburst
Press: ? - help, Shift-Dir - straight line, f - earth elemental
Aim: an earth elemental (infinite will)
The earth elemental is unaffected.
Aiming: Throw Flame
Press: ? - help, Shift-Dir - straight line, f/p - earth elemental
Aim: an earth elemental (93% to hit)
The puff of flame hits the earth elemental but does no damage.
The earth elemental completely resists.
The wall freezes the earth elemental but does no damage.
The earth elemental hits you!!
* * * LOW HITPOINT WARNING * * *
As you read the scroll of teleportation, it crumbles to dust.
You feel strangely unstable.
The earth elemental completely resists.
The wall freezes the earth elemental but does no damage.
The earth elemental hits you!!
Ouch! That really hurt!
You die...

........#####..#
.......).#....#
##....).)..###
#.#####.....#
##)...####
#.#.....# #
####.###.###
#..###....# #..#
#....@...## ##.#
#..##E##.#####.#
# ...#.##.<.<#
#.∩.#....####
.#...#...
#.##+##.### #
..# ##


You could see an earth elemental.

Vanquished Creatures
  Snorg (D:10)
  Amaemon (D:8)
  A cyclops (D:8)
  Maurice (D:8)
  An orange demon (D:8)
  An unseen horror (D:11)
  Sigmund (D:2)
  A wraith (D:10)
  5 wyverns
  6 yaks
  2 steam dragons
  2 basilisks
  Menkaure (D:5)
  An acid dragon (D:10)
  3 orc warriors
  5 water moccasins
  2 ice beasts (D:6)
  2 black bears (D:4)
  5 centaurs
  3 ogres
  A gnoll sergeant (D:8)
  2 bullfrogs
  2 necrophages
  4 scorpions
  An earth elemental (D:11)
  9 wights
  11 killer bees
  3 howler monkeys
  6 electric eels
  3 hounds
  A jelly (D:5)
  11 orc priests
  2 gnoll boudas
  5 iguanas
  An iron imp (D:3)
  Natasha (thrice) (D:4)
  9 orc wizards
  19 gnolls
  5 adders
  A shadow imp (D:5)
  2 white imps
  2 worms (D:5)
  2 dart slugs
  46 orcs
  6 ball pythons
  7 bats
  6 endoplasms
  3 giant cockroaches
  7 goblins
  5 hobgoblins
  3 quokkas
  5 frilled lizards
  7 kobolds
  4 rats
249 creatures vanquished.

Vanquished Creatures (others)
  2 fungi (D:8)
  47 plants
49 creatures vanquished.

Grand Total: 298 creatures vanquished

Notes
Turn   | Place    | Note
-------+----------+-------------------------------------------
     0 | D:1      | Alarak the Deep Elf Ice Elementalist began the quest for
                  | the Orb.
     0 | D:1      | Reached XP level 1. HP: 10/10 MP: 6/6
   329 | D:1      | Reached XP level 2. HP: 10/15 MP: 4/8
   493 | D:1      | Reached skill level 5 in Ice Magic
  1018 | D:2      | Noticed Sigmund
  1592 | D:2      | Found a faded altar of an unknown god.
  1659 | D:2      | Found an ornate altar of the Wu Jian Council.
  1895 | D:2      | Killed Sigmund
  1896 | D:2      | Reached skill level 6 in Spellcasting
  1896 | D:2      | Reached XP level 3. HP: 12/19 MP: 5/13
  1896 | D:2      | Reached XP level 4. HP: 15/24 MP: 5/14
  1896 | D:2      | Reached XP level 5. HP: 17/28 MP: 5/16
  2039 | D:2      | Learned a level 3 spell: Frozen Ramparts
  2043 | D:2      | Learned a level 3 spell: Ozocubu's Armour
  2648 | D:3      | Reached skill level 7 in Spellcasting
  2666 | D:3      | Found a transporter.
  2672 | D:3      | Found a snail-covered altar of Cheibriados.
  2921 | D:3      | Found a transporter.
  3043 | D:3      | Reached XP level 6. HP: 18/32 MP: 4/18
  4066 | D:3      | Reached skill level 8 in Spellcasting
  4437 | D:4      | Reached skill level 9 in Spellcasting
  4437 | D:4      | Reached XP level 7. HP: 36/36 MP: 10/21
  4563 | D:4      | Noticed Natasha
  4569 | D:4      | Killed Natasha
  4836 | D:4      | Noticed Natasha
  4841 | D:4      | Killed Natasha
  4931 | D:4      | Noticed Natasha
  4937 | D:4      | Killed Natasha
  5528 | D:5      | Entered Level 5 of the Dungeon
  5638 | D:5      | Reached XP level 8. HP: 41/41 MP: 17/23
  5851 | D:5      | Found a broken altar of Ashenzari.
  5853 | D:5      | Noticed Menkaure
  5860 | D:5      | Killed Menkaure
  5922 | D:5      | Learned a level 4 spell: Hailstorm
  6419 | D:5      | Reached skill level 10 in Ice Magic
  6429 | D:5      | Reached skill level 1 in Conjurations
  7654 | D:6      | Reached XP level 9. HP: 45/45 MP: 15/24
  7885 | D:6      | Reached skill level 5 in Conjurations
  8528 | D:6      | Found a shadowy altar of Dithmenos.
  8560 | D:6      | Found a staircase to the Ecumenical Temple.
  8598 | Temple   | Entered the Ecumenical Temple
  8611 | Temple   | Became a worshipper of Vehumet
  8920 | D:6      | Found a basalt altar of Yredelemnul.
  9820 | D:7      | Found a shimmering altar of Xom.
 11024 | D:8      | Reached * piety under Vehumet
 11024 | D:8      | Offered knowledge of Shock by Vehumet.
 11424 | D:8      | Noticed a cyclops
 11429 | D:8      | Killed a cyclops
 11477 | D:8      | Identified the +2 war axe "Jucemuim" {vorpal, rF- rCorr
                  | Int-4 Dex+10}
 11612 | D:8      | Reached XP level 10. HP: 50/50 MP: 11/25
 11618 | D:8      | Reached skill level 10 in Spellcasting
 11803 | D:8      | Reached skill level 11 in Spellcasting
 11823 | D:8      | Noticed an orange demon
 11825 | D:8      | Noticed Amaemon
 12063 | D:8      | Killed an orange demon
 12064 | D:8      | Reached skill level 12 in Spellcasting
 12203 | D:8      | Found a staircase to the Lair.
 12203 | D:8      | Noticed Maurice
 12212 | D:8      | Reached ** piety under Vehumet
 12212 | D:8      | Offered knowledge of Magic Dart by Vehumet.
 12266 | D:8      | Killed Maurice
 12267 | D:8      | Reached skill level 5 in Dodging
 12482 | D:8      | Killed Amaemon
 14007 | D:9      | Reached XP level 11. HP: 54/54 MP: 26/29
 14213 | D:10     | Entered Level 10 of the Dungeon
 14457 | D:10     | Offered knowledge of Inner Flame by Vehumet.
 14736 | D:10     | Found a glowing silver altar of Zin.
 14740 | D:10     | Noticed Snorg
 14745 | D:10     | HP: 1/54 [Snorg (15)]
 14749 | D:10     | Killed Snorg
 14750 | D:10     | Reached skill level 10 in Dodging
 14961 | D:10     | Found a blossoming altar of Fedhas.
 14996 | D:10     | Found a hazy altar of Hepliaklqana.
 15305 | D:11     | Learned a level 3 spell: Inner Flame
 15381 | D:11     | Found Plog's Pet Rocks.
 15385 | D:11     | Reached skill level 1 in Fire Magic
 15386 | D:11     | Reached *** piety under Vehumet
 15389 | D:11     | Demolished by an earth elemental

Illustrated notes

Levels and vault maps discovered:
D:1:      zelgadis_glass_arrival_small, layout_loops_ring,
          minmay_misc_feat_five, minmay_tetromino_t4
D:2:      layout_loops_cross, shapermc_ecumenical_altar_ellora, basic_altar,
          uniq_sigmund
D:3:      gammafunk_steamed_eel, layout_loops_cross, slow_altar_1
D:4:      layout_basic, uniq_natasha
D:5:      layout_loops_corners, nicolae_ashenzari_skybound, minmay_diced_spiral,
          uniq_menkaure
D:6:      layout_cave_pools, mainiacjoe_overflow_alcove_2,
          nicolae_dithmenos_through_a_glass_darkly, minmay_temple_entry_statues,
          serial_bayou, serial_bayou_pond_b, serial_bayou_pond_e,
          serial_bayou_lagoon_b, serial_bayou_shore_a, serial_bayou_pond_d,
          serial_bayou_shore_b
D:7:      layout_loops_corners, kennysheep_little_box, minmay_liquid_box,
          item_on_display_b
D:8:      layout_loops_cross, minmay_lair_entry_grove, enter_bailey_3,
          uniq_maurice, uniq_amaemon
D:9:      layout_loops_cross
D:10:     layout_long_grid, fedhas_bush_and_centaur_altar,
          mainiacjoe_overflow_big_doors, uniq_snorg
D:11:     minmay_polygon_palace, layout_rooms, orc_0_dummy, guppyfry_shop_earth,
          uniq_nergalle, uniq_fannar, uniq_psyche
Temple:   nicolae_temple_bog_church

Skill      XL: |  1  2  3  4  5  6  7  8  9 10 11 |
---------------+----------------------------------+-----
Ice Magic      | 5 8 10 11 | 11.1
Spellcasting   | 6 7 9 12 | 12.3
Conjurations   | 4 9 |  9.0
Dodging        | 8 11 | 11.0
Fire Magic     | 1 |  1.3
Stealth        | |  2.4

Action                   |  1- 3 |  4- 6 |  7- 9 | 10-12 || total
-------------------------+-------+-------+-------+-------++-------
Melee: Unarmed           |     1 |       |       |       ||     1
       Staff             |       |     4 |    23 |    19 ||    46
       Punch             |       |       |       |     1 ||     1
 Cast: Freeze            |    39 |    23 |    75 |     1 ||   138
       Frozen Ramparts   |       |    12 |    43 |    33 ||    88
       Ozocubu's Armour  |       |     3 |    32 |    28 ||    63
       Hailstorm         |       |       |    42 |    35 ||    77
Evoke: Wand              |     2 |     6 |    16 |     2 ||    26
  Use: Scroll            |       |    12 |     8 |     6 ||    26
       Potion            |       |       |     1 |     2 ||     3
Armor: Robe              |     6 |    13 |    34 |    31 ||    84
Dodge: Dodged            |     8 |    22 |    87 |   136 ||   253

Table legend: (Time is in decaauts)
 A = Elapsed time spent in this place.
 B = Non-inter-level travel time spent in this place.
 C = Inter-level travel time spent in this place.
 D = Time resting spent in this place.
 E = Time spent auto-exploring this place.
 F = Levels seen in this place.
 G = Mean time per level.
                   A        B        C        D        E       F      G
               +--------+--------+--------+--------+--------+-----+--------+
         Total |  15474 |  14576 |    898 |   5404 |   7553 |  12 | 1289.5 |
       Dungeon |  15278 |  14405 |    873 |   5404 |   7393 |  11 | 1388.9 |
        Temple |    195 |    170 |     25 |      0 |    160 |   1 |  195.0 |
               +--------+--------+--------+--------+--------+-----+--------+

Top non-repeatable levels by time:
     D:6: 2265 daAuts
     D:7: 2175 daAuts
     D:3: 1992 daAuts
     D:8: 1651 daAuts
     D:5: 1519 daAuts
     D:1: 1218 daAuts
     D:4: 1204 daAuts
     D:2: 1156 daAuts
    D:10: 925 daAuts
     D:9: 920 daAuts
    D:11: 249 daAuts
  Temple: 195 daAuts
